 Dungeon Crawl Stone Soup version 0.26-a0-649-gf8c6c3aab7 (webtiles) character file.

Game seed: 13329186312500940937

68 Peloso the Covered (level 4, -3/23 HPs)
             Began as a Vine Stalker Fighter on Sept 26, 2020.
             Slain by Crazy Yiuf
             ... wielding a +4 quarterstaff of chaos
              (4 damage)
             ... on level 2 of the Dungeon.
             The game lasted 00:05:18 (1741 turns).

Peloso the Covered (Vine Stalker Fighter)           Turns: 1741, Time: 00:05:18

Health: -3/23      AC:  7    Str: 16 (19) XL:     4   Next: 19%
Magic:  0/5        EV: 12    Int:  6 (8)  God:
Gold:   111        SH:  8    Dex: 11 (14) Spells: 3/3 levels left

rFire    + . .     SeeInvis .   a - +0 long sword
rCold    x . .     Faith    .   c - +0 kite shield
rNeg     . . .     Spirit   +   b - +0 scale mail
rPois    +         Reflect  .   (no helmet)
rElec    .         Harm     .   e - +0 cloak
rCorr    .         Rampage  .   (no gloves)
MR       .....                  (no boots)
Stlth    ..........             m - amulet of magic regeneration
HPRegen  0.47/turn              h - ring of fire
MPRegen  0.34/turn              o - ring of poison resistance

@: agile, slowed, very slow
A: fangs 2, regeneration 1, magic shield, antimagic bite, no potion heal 3, rot
immunity
a: no special abilities


You were on level 2 of the Dungeon.
You visited 1 branch of the dungeon, and saw 2 of its levels.

You collected 111 gold pieces.

Inventory:

Hand Weapons
 a - a +0 long sword (weapon)
Armour
 b - a +0 scale mail (worn)
 c - a +0 kite shield (worn)
 e - a +0 cloak (worn)
Jewellery
 h - a ring of fire (left hand)
 m - an amulet of magic regeneration (around neck)
 o - a ring of poison resistance (right hand)
Scrolls
 g - 3 scrolls of enchant armour {unknown}
 i - a scroll of magic mapping {unknown}
 j - a scroll of teleportation {unknown}
 k - 4 scrolls of identify {unknown}
 l - a scroll of fog {unknown}
 p - 2 scrolls of amnesia {unknown}
Potions
 d - a potion of might
 r - a potion of curing


   Skills:
 + Level 2.9 Fighting
 + Level 2.6 Long Blades
 + Level 3.1 Armour
 + Level 0.4 Dodging
 + Level 3.0 Shields


You had 3 spell levels left.
You didn't know any spells.
Your spell library was empty.

Dungeon Overview and Level Annotations

Branches:
Dungeon (2/15)

Altars:
Sif Muna
Wu Jian

Annotations:
D:2 Crazy Yiuf


Innate Abilities, Weirdness & Mutations

You have extremely sharp teeth.
Your natural rate of healing is unusually fast.
When hurt, damage is shared between your health and your magic reserves.
Your bite disrupts and absorbs the magic of your enemies.
Potions cannot restore your health.
You are immune to rotting.


Message History

Crazy Yiuf closely misses you. You block Crazy Yiuf's attack.
You hit Crazy Yiuf but do no damage. You bite Crazy Yiuf, but do no damage.
You block Crazy Yiuf's attack.
You hit Crazy Yiuf but do no damage. Your bite misses Crazy Yiuf.
Crazy Yiuf hits you with a +4 quarterstaff of chaos.
You feel agile all of a sudden.
You barely miss Crazy Yiuf.
Crazy Yiuf hits you with a +4 quarterstaff of chaos!
You feel yourself slow down.
You hit Crazy Yiuf. Your bite misses Crazy Yiuf.
Crazy Yiuf is moderately wounded.
Crazy Yiuf misses you.
Crazy Yiuf hits you with a +4 quarterstaff of chaos!
* * * LOW HITPOINT WARNING * * *
You barely miss Crazy Yiuf. Your bite misses Crazy Yiuf.
Crazy Yiuf is moderately wounded.
Crazy Yiuf hits you with a +4 quarterstaff of chaos!
* * * LOW HITPOINT WARNING * * *
Crazy Yiuf freezes you.
You die...

#######.#.........#####
#. ## ##.####.........#
#. .# ### #.#######.#
#. .# ### ### #. .# #.
## #. # #### ###### #.
# #)..### ##..#.## #. #
#..g@.####......####. #
#...##..#............ #
##### ####
###.#...#######. #
#...# ####### #. #
#.### #. # #.#
########### #. #.#
#.........# #! #.#
#.######### #.
#.#####.# ######.


You could see Crazy Yiuf.

Vanquished Creatures
  An adder (D:2)
  3 oozes
  A dart slug (D:1)
  2 leopard geckos (D:2)
  A ball python (D:2)
  5 bats
  2 giant cockroaches
  5 goblins
  5 hobgoblins
  8 frilled lizards
  8 kobolds
  5 rats
46 creatures vanquished.

Notes
Turn   | Place    | Note
-------+----------+-------------------------------------------
     0 | D:1      | Peloso the Vine Stalker Fighter began the quest for the
                  | Orb.
     0 | D:1      | Reached XP level 1. HP: 11/11 MP: 2/2
   110 | D:1      | Reached XP level 2. HP: 9/16 MP: 3/3
   697 | D:1      | Reached XP level 3. HP: 16/19 MP: 2/4
  1127 | D:2      | Found a shimmering blue altar of Sif Muna.
  1228 | D:2      | Gained mutation: Your natural rate of healing is unusually
                  | fast. [Vine Stalker growth]
  1228 | D:2      | Reached XP level 4. HP: 23/23 MP: 5/5
  1336 | D:2      | Found a runed translucent door.
  1337 | D:2      | Noticed Crazy Yiuf
  1415 | D:2      | Found an ornate altar of the Wu Jian Council.
  1741 | D:2      | HP: 1/23 [Crazy Yiuf/+4 quarterstaff of chaos (5)]
  1741 | D:2      | Slain by Crazy Yiuf

Illustrated notes

Levels and vault maps discovered:
D:1:      zaba_arrival_water, layout_basic
D:2:      layout_loops_ring, nicolae_overflow_crystal_walls,
          lemuel_crystal_altar, uniq_crazy_yiuf_cottage

Skill      XL: |  1  2  3  4 |
---------------+-------------+-----
Long Blades    | 2 |  2.6
Armour         | 3 |  3.1
Shields        | 3 |  3.0
Fighting       | |  2.9
Dodging        | |  0.4

Action                   |  1- 3 |  4- 6 || total
-------------------------+-------+-------++-------
Melee: Long sword        |   112 |    30 ||   142
       Bite              |    25 |     6 ||    31
  Use: Potion            |     2 |     3 ||     5
Armor: Scale mail        |    63 |     6 ||    69
Dodge: Dodged            |    49 |    10 ||    59
Block: Kite shield       |    75 |    10 ||    85
       Rpst.: Long sword |    11 |     3 ||    14

Table legend: (Time is in decaauts)
 A = Elapsed time spent in this place.
 B = Non-inter-level travel time spent in this place.
 C = Inter-level travel time spent in this place.
 D = Time resting spent in this place.
 E = Time spent auto-exploring this place.
 F = Levels seen in this place.
 G = Mean time per level.
                   A        B        C        D        E       F      G
               +--------+--------+--------+--------+--------+-----+--------+
         Total |   1812 |   1799 |     13 |     53 |   1317 |   2 |  906.0 |
       Dungeon |   1812 |   1799 |     13 |     53 |   1317 |   2 |  906.0 |
               +--------+--------+--------+--------+--------+-----+--------+

Top non-repeatable levels by time:
     D:1: 973 daAuts
     D:2: 838 daAuts
